Map: Ever Dream LE

Players

APTX

  • Race: Terran Terran
  • League: Diamond
  • Spawn Location: 1:00

A.I. 1 (Easy) - Winner!

  • Race: Protoss Protoss
  • Spawn Location: 7:00

VOD

Have the link to the VOD?

Description

Time

  • Played on: March 26, 2020, 8:02 a.m.
  • Length: 8:12
Show
View Real Time Build Order
Export as new Build Order

APTX Terran 

Build Orders: Liberator Opening, Reaper Expand 

Get SALT Encoding   

  12  0:01  SCV  
  13  0:13  SCV  
  14  0:17  Supply Depot  
  14  0:25  SCV  
  15  0:38  SCV  
  15  0:39  Barracks  
  16  0:45  Refinery  
  16  0:50  SCV  
  17  1:02  SCV  
  18  1:15  SCV  
  19  1:27  Reaper, Orbital Command  
  20  1:41  Command Center  
  20  1:48  Refinery  
  20  1:54  Supply Depot  
  20  1:57  SCV  
  21  2:08  Factory  
  21  2:11  SCV  
  22  2:18  Barracks Reactor  
  22  2:23  SCV  
  23  2:35  SCV  
  24  2:47  SCV  
  25  2:54  Factory Reactor, Starport  
  25  2:55  Refinery, Orbital Command  
  25  2:57  Marine x2  
  27  2:59  SCV  
  28  3:11  SCV  
  29  3:15  Marine x2  
  31  3:23  SCV  
  31  3:24  SCV  
  33  3:30  Fusion Core  
  33  3:35  SCV  
  33  3:37  SCV  
  33  3:40  Factory Tech Lab  
  35  3:41  Supply Depot  
  35  3:42  Liberator  
  35  3:47  SCV  
  35  3:48  Marine x2  
  41  3:49  SCV  
  42  3:59  Siege Tank  
  42  4:00  SCV  
  46  4:03  SCV  
  46  4:05  Marine  
  48  4:10  Supply Depot  
  48  4:12  SCV  
  48  4:15  SCV  
  48  4:17  Advanced Ballistics  
  50  4:24  SCV, Refinery  
  51  4:27  SCV  
  52  4:32  Supply Depot  
  52  4:34  Liberator  
  52  4:36  SCV  
  56  4:39  SCV  
  57  4:48  SCV  
  57  4:49  Barracks x2  
  57  4:51  Barracks  
  58  4:55  Factory  
  58  4:58  SCV  
  59  5:00  SCV, Supply Depot  
  60  5:08  Liberator  
  60  5:10  SCV  
  60  5:12  SCV, Marine  
  60  5:13  Marine  
  67  5:17  Siege Tank  
  70  5:22  SCV  
  70  5:24  SCV  
  70  5:27  Supply Depot  
  72  5:34  SCV, Supply Depot  
  73  5:36  SCV  
  73  5:37  Barracks Tech Lab  
  73  5:38  Barracks Reactor, Barracks Tech Lab  
  73  5:39  Factory Tech Lab  
  74  5:49  Siege Tank  
  77  5:53  Command Center  
  77  5:57  Marine x2  
  77  5:58  Stimpack  
  77  6:00  Combat Shield  
  77  6:03  SCV x2  
  81  6:09  Siege Tank  
  84  6:13  Marine x2  
  84  6:15  SCV x2  
  84  6:16  Marine x3  
  84  6:17  Marine  
  92  6:20  Medivac  
  92  6:23  Supply Depot  
  94  6:28  Supply Depot  
  94  6:37  SCV x2  
  94  6:39  Siege Tank  
  99  6:41  Marine x3  
  99  6:44  Marine x2  
  99  6:45  Marine  
  105  6:47  Supply Depot  
  105  6:49  SCV  
  105  6:50  SCV  
  105  6:52  Liberator  
  105  6:54  Medivac  
  112  7:07  Marine  
  112  7:08  Marine x5  
  118  7:12  Armory  
  118  7:13  Engineering Bay  
  118  7:15  Refinery  
  118  7:16  Siege Tank  
  118  7:19  Refinery  
  118  7:21  Siege Tank  
  124  7:25  Marine  
  124  7:29  Marine x5  
  130  7:32  Medivac  
  132  7:41  SCV x2  
  132  7:43  Orbital Command  
  134  7:53  SCV  
  134  7:54  SCV  
Show
View Real Time Build Order
Export as new Build Order

A.I. 1 (Easy) Protoss - Winner!

Build Orders:  

Get SALT Encoding   

  12  0:00  Probe  
  13  0:13  Probe  
  14  0:19  Pylon  
  14  0:25  Probe  
  15  0:33  Probe  
  16  0:44  Assimilator  
  16  0:50  Gateway  
  16  0:53  Pylon  
  16  1:16  Assimilator  
  16  1:29  Zealot  
  16  1:39  Cybernetics Core  
  18  1:44  Probe  
  19  1:56  Pylon  
  19  1:58  Probe  
  20  2:06  Probe  
  20  2:14  Probe  
  20  2:15  Warp Gate  
  21  2:17  Adept  
  24  2:26  Probe  
  25  2:39  Probe  
  26  2:45  Stalker  
  28  3:07  Adept  
  30  5:38  Probe  
  30  5:41  Stalker  
  33  5:44  Pylon  
  33  6:02  Probe  
  33  6:04  Stalker, Robotics Facility  
  36  6:08  Pylon  
  36  6:14  Probe  
  37  6:26  Probe, Stalker  
  32  6:39  Nexus  
  32  6:48  Sentry  
  32  6:52  Observer  
  35  7:10  Observer  
  35  7:11  Stalker  
  38  7:34  Adept  
  40  7:51  Probe  
  40  7:52  Probe  
  40  7:56  Zealot  
  44  8:00  Assimilator  
  44  8:01  Assimilator  
Tags
 
Add a new tag
Caveats
  • Supply blocks, unpowered buildings, or Contaminate may cause inaccurate times.
  • Supply counts are checked every 10 seconds.